 Dungeon Sprint DCSS version 0.24-a0-525-g9231cdc (webtiles) character file.

Game seed: 11489069583175840640

92 silentkaos13 the Slasher (level 4, -5/35 HPs)
             Began as a Demonspawn Gladiator on Aug 3, 2019.
             Slain by a water elemental (14 damage)
             ... in the Dungeon (Sprint III: "The Ten Rune Challenge").
             The game lasted 00:01:02 (658 turns).

silentkaos13 the Slasher (Demonspawn Gladiator)      Turns: 658, Time: 00:01:02

Health: -5/35      AC: 10    Str: 15    XL:     4   Next: 35%
Magic:  4/4        EV: 14    Int: 10    God:
Gold:   17         SH:  0    Dex: 14    Spells: 3/3 levels left

rFire    . . .     SeeInvis .   a - +0 long sword
rCold    . . .     Gourm    .   (no shield)
rNeg     . . .     Faith    .   b - +0 leather armour
rPois    .         Spirit   .   c - +0 helmet
rElec    .         Reflect  .   (no cloak)
rCorr    .         Harm     .   (no gloves)
MR       .....     NoTele   +   (no boots)
Stlth    +.........             (no amulet)
HPRegen  0.11/turn              (no ring)
MPRegen  0.09/turn              (no ring)

@: engulfed (cannot breathe), sanguine armour
A: claws 1, sanguine armour 1
a: no special abilities


You were in the Dungeon.
You were not hungry.

You visited 1 branch You collected 17 gold pieces.

Inventory:

Hand Weapons
 a - a +0 long sword (weapon)
Missiles
 d - 3 throwing nets (quivered)
Armour
 b - a +0 leather armour (worn)
 c - a +0 helmet (worn)
Scrolls
 k - a scroll of blinking
 l - a scroll of immolation {unknown}
 m - 2 scrolls of identify {unknown}
 n - 3 scrolls of remove curse
 p - a scroll of torment {unknown}
Potions
 e - a potion of curing
 g - 2 potions of heal wounds
 h - a potion of haste
 i - 2 potions of magic
 j - a potion of berserk rage
 o - 3 potions of flight
 q - 4 potions of mutation
Comestibles
 f - 4 rations


   Skills:
 + Level 3.4 Fighting
 + Level 5.8 Long Blades
 - Level 2.9 Throwing
 + Level 2.0 Armour
 + Level 4.9 Dodging


You had 3 spell levels left.
You didn't know any spells.
Your spell library was empty.

Dungeon Overview and Level Annotations

Branches:
Dungeon (1/1)

Altars:


Innate Abilities, Weirdness & Mutations

You have sharp fingernails.
When seriously injured, your bleeding wounds create armour. (AC +6)


Message History

There is an open door here.
You start resting.
HP restored.
You start waiting.
You see here a scorpion corpse.
You enter the shallow water.
Moving in this stuff is going to be slow.
As you open the door, it creaks loudly!
A water elemental comes into view.
The water elemental hits you!!
Ouch! That really hurt!
Your blood congeals into armour.
The water elemental engulfs you in water!
There is an open door to the Ecumenical Temple, spattered with blood here.
You hit the water elemental.
The water elemental is lightly damaged.
* * * LOW HITPOINT WARNING * * *
Your lungs strain for air!
The water elemental hits you!
You die...

▓▓▓▓▓▓▓▓▓▓ ▓▓▓
.#..'....♣♣ ♣.#
.#..#.....♣♣ ♣♣.#
'####.†..♣.♣ ♣..#
.†..#....≈♣♣♣♣..###+#+##
....#...≈≈...♣..#.......
....#..≈≈≈≈♣....@.⌠.....
###'#..≈≈≈≈≈≈♣♣.#E..####
.)..#.≈≈≈≈≈≈....#.⌠.#
....#.≈≈≈≈≈.....#...#
....#.≈≈≈.......#+###
#####...........#
................#
▓▓▓▓▓▓▓▓▓▓▓▓▓▓▓▓▓


You could see a water elemental.

Vanquished Creatures
  A scorpion (D)
  Jessica (D)
  A human (D)
  2 rats (D)
5 creatures vanquished.

Vanquished Creatures (others)
  2 draconian scorchers (D)
  6 hellions (D)
  A yaktaur (D)
9 creatures vanquished.

Grand Total: 14 creatures vanquished

Notes
Turn   | Place    | Note
-------+----------+-------------------------------------------
     0 | D        | silentkaos13 the Demonspawn Gladiator began the quest for
                  | the Orb.
     0 | D        | Reached XP level 1. HP: 16/16 MP: 1/1
     9 | D        | Reached skill level 3 in Long Blades
    94 | D        | Killed a hellion
    99 | D        | Killed a hellion
   104 | D        | Killed a hellion
   109 | D        | Killed a hellion
   109 | D        | Killed a hellion
   120 | D        | Noticed Jessica
   124 | D        | Killed Jessica
   124 | D        | Reached skill level 4 in Long Blades
   124 | D        | Gained mutation: When seriously injured, your bleeding
                  | wounds create armour. (AC +6) [demonic ancestry]
   124 | D        | Reached XP level 2. HP: 22/23 MP: 2/2
   127 | D        | Killed a hellion
   130 | D        | Killed a white draconian scorcher
   136 | D        | Killed a white draconian scorcher
   154 | D        | Killed a yaktaur
   164 | D        | HP: 1/23 [human (4)]
   165 | D        | Reached skill level 1 in Armour
   165 | D        | Reached XP level 3. HP: 1/29 MP: 3/3
   477 | D        | Noticed a scorpion
   489 | D        | Killed a scorpion
   489 | D        | Reached skill level 5 in Long Blades
   489 | D        | Gained mutation: You have sharp fingernails. [demonic
                  | ancestry]
   489 | D        | Reached XP level 4. HP: 25/35 MP: 4/4
   656 | D        | Noticed a water elemental
   658 | D        | Slain by a water elemental

Levels and vault maps discovered:
D:        dungeon_sprint_mu [sprint_mu_entry_forest, sprint_mu_temple_rooms,
          sprint_mu_d1_horrors, sprint_mu_d2_genie, sprint_mu_d3_branching,
          sprint_mu_orc_legion, sprint_mu_elf_gauntlet, sprint_mu_hive_nellie,
          sprint_mu_lair_fedhas, sprint_mu_vaults_butterflies,
          sprint_mu_slime_circle, sprint_mu_swamp_cave, sprint_mu_shoals_kraken,
          sprint_mu_blade_basic, sprint_mu_crypt_fortress,
          sprint_mu_tomb_spiral, sprint_mu_vestibule_basic,
          sprint_mu_gehenna_hellfire, sprint_mu_dis_giant,
          sprint_mu_tartarus_statrot, sprint_mu_cocytus_islands, sprint_mu_zot1]

Skill      XL: |  1  2  3 |
---------------+----------+-----
Long Blades    | 4 5 |  5.8
Throwing       | 2 |  2.9
Dodging        | 4 |  4.9
Fighting       | 3 |  3.4
Armour         | 1 2 |  2.0

Action                   |  1- 3 |  4- 6 || total
-------------------------+-------+-------++-------
Melee: Long sword        |    39 |     1 ||    40
Armor: Leather armour    |    11 |       ||    11
Dodge: Dodged            |    25 |       ||    25
       Rpst.: Long sword |     8 |       ||     8

Table legend:
 A = Non-vault XP
 B = Vault XP
 C = Vault XP percentage of total XP
 D = Non-vault monster count
 E = Vault monster count
 F = Vault count percentage of total count
                 A         B        C        D         E       F
            +---------+---------+-------+---------+---------+-------
      Total |       0 |     132 | 100.0 |       0 |       5 | 100.0
            +---------+---------+-------+---------+---------+-------
          D |       0 |     132 | 100.0 |       0 |       5 | 100.0
            +---------+---------+-------+---------+---------+-------
